 Dungeon Crawl Stone Soup version 0.31.0-11-ge490571c62 (webtiles) character file.

Game seed: 10446852733722022359

184 Arcadio the Ducker (level 5, 0/42 HPs)
             Began as a Merfolk Gladiator on Jan 30, 2024.
             Slain by an iguana (9 damage)
             ... on level 4 of the Dungeon.
             The game lasted 00:03:08 (2024 turns).

Arcadio the Ducker (Merfolk Gladiator)              Turns: 2024, Time: 00:03:08

Health: 0/42       AC:  8    Str: 17    XL:     5   Next: 64%
Magic:  5/5        EV: 14    Int:  7    God:
Gold:   144        SH:  0    Dex: 21    Spells: 4/4 levels left

rFire   + . .        a - +0 trident
rCold   . . .        (no shield)
rNeg    . . .        h - +2 ring mail {rF+}
rPois   +            c - +0 helmet
rElec   .            (no cloak)
rCorr   .            (no gloves)
SInv    .            (no boots)
Will    .....        k - amulet of magic regeneration
Stlth   +            j - ring of poison resistance
HPRegen 0.27/turn    v - +6 ring of dexterity
MPRegen 0.49/turn

%: no passive effects
@: no status effects
A: (nimble swimmer 2), mertail
a: no special abilities


You were on level 4 of the Dungeon.
You visited 1 branch of the dungeon, and saw 4 of its levels.

You collected 144 gold pieces.

Inventory:

Hand Weapons
 a - a +0 trident (weapon)
Missiles
 d - 3 throwing nets (quivered)
 e - a javelin
Armour
 b - a +0 leather armour
 c - a +0 helmet (worn)
 h - a +2 ring mail of fire resistance (worn)
Jewellery
 j - a ring of poison resistance (left hand)
 k - an amulet of magic regeneration (around neck)
 q - the ring "Coatti Yps" {Fly rF+ rN+ Str-3}
   (You found it on level 2 of the Dungeon)

   [ring of positive energy]

   Str-3:     It affects your strength (-3).
   rF+:       It protects you from fire.
   rN+:       It protects you from negative energy.
   Fly:       It grants you flight.
 u - a ring of fire
 v - a +6 ring of dexterity (right hand)
Wands
 o - a wand of polymorph (10)
Scrolls
 g - a scroll of poison {unknown}
 i - a scroll of butterflies {unknown}
 l - a scroll of enchant weapon {unknown}
 m - a scroll of revelation {unknown}
 p - a scroll of noise {unknown}
 t - a scroll of immolation {unknown}
Potions
 f - a potion of haste {unknown}
 n - a potion of enlightenment {unknown}
 r - a potion of degeneration {unknown}
 s - a potion of curing {unknown}
 w - a potion of heal wounds {unknown}


   Skills:
 + Level 4.0 Fighting
 + Level 5.6 Polearms
 - Level 2.0 Throwing
 + Level 5.6 Dodging


You had 4 spell levels left.
You didn't know any spells.
Your spell library contained the following spells:

 Spells                   Type           Power      Damage    Failure   Level
 Magic Dart               Conj           0%         1d3       65%         1
 Blink                    Tloc           0%         N/A       78%         2
 Call Imp                 Summ           0%         N/A       78%         2


Dungeon Overview and Level Annotations

Branches:
Dungeon (4/15)
 Temple: D:4-7

Altars:
Dithmenos

Shops:
D:1 *


Innate Abilities, Weirdness & Mutations

((You are very nimble when in or above water. (Stealth+, EV+, Speed+++)))
Your lower body shifts to a powerful aquatic tail in water.


Message History

A nearby plant withers and dies.
The frilled lizard closely misses you.
You hit the frilled lizard but do no damage.
Something bites the plant.
The plant begins to die.
You barely miss the frilled lizard.
The frilled lizard bites you but does no damage.
The frilled lizard bites you.
* * * LOW HITPOINT WARNING * * *
Something completely misses the plant.
You miss the frilled lizard.
The frilled lizard bites the plant.
The frilled lizard bites you but does no damage.
Something bites the plant.
The plant begins to die.
The frilled lizard bites you but does no damage.
You barely miss the frilled lizard.
The frilled lizard bites the plant.
The frilled lizard misses you.
Something bites the plant.
The frilled lizard misses you.
You hear an angry hiss.
You barely miss the frilled lizard.
A nearby plant withers and dies.
The frilled lizard closely misses you. The frilled lizard barely misses you.
A frilled lizard comes into view.
You barely miss the frilled lizard.
A nearby plant withers and dies.
The frilled lizard bites you but does no damage. x2
You hit the frilled lizard but do no damage.
The frilled lizard bites you but does no damage.
The frilled lizard barely misses you.
You puncture the frilled lizard!
You kill the frilled lizard!
You puncture the frilled lizard!
You kill the frilled lizard!
The frilled lizard bites you.
* * * LOW HITPOINT WARNING * * *
You hit the frilled lizard.
You kill the frilled lizard!
You hit the frilled lizard.
You kill the frilled lizard!
The frilled lizard completely misses you.
You puncture the frilled lizard!
You kill the frilled lizard!
You closely miss the iguana. Your punch misses the iguana.
The iguana bites you!
You die...

...##
....#
P...
##.?.
#P..
#l.
#l# #
#@#!#
#<).#
###.#
...
#.#
...
###


You could see an iguana and a frilled lizard.

Vanquished Creatures
  Natasha (thrice) (D:2)
  3 gnolls
  3 adders (D:2)
  6 endoplasms
  3 giant cockroaches
  4 goblins
  5 hobgoblins
  3 jackals (D:2)
  6 kobolds (D:1)
  4 quokkas
  2 ball pythons (D:2)
  2 bats
  9 frilled lizards
  2 rats (D:1)
55 creatures vanquished.

Notes
Turn   | Place    | Note
-------+----------+-------------------------------------------
     0 | D:1      | Arcadio the Merfolk Gladiator began the quest for the Orb.
     0 | D:1      | Reached XP level 1. HP: 16/16 MP: 1/1
   118 | D:1      | Found Mimyxkie's Assorted Antiques.
   192 | D:1      | Reached XP level 2. HP: 23/23 MP: 2/2
   360 | D:1      | Reached XP level 3. HP: 23/28 MP: 3/3
   851 | D:2      | Noticed Natasha
   859 | D:2      | Killed Natasha
   860 | D:2      | Reached skill level 5 in Polearms
   860 | D:2      | Reached skill level 5 in Dodging
   860 | D:2      | Reached XP level 4. HP: 27/35 MP: 4/4
   979 | D:2      | Noticed Natasha
   993 | D:2      | Killed Natasha
  1047 | D:2      | Noticed Natasha
  1068 | D:2      | Killed Natasha
  1069 | D:2      | Reached XP level 5. HP: 42/42 MP: 5/5
  1130 | D:2      | Identified the ring "Coatti Yps" {Fly rF+ rN+ Str-3}
  1692 | D:3      | Found a faded altar of an unknown god.
  1806 | D:3      | Found a shadowy altar of Dithmenos.
  2024 | D:4      | Slain by an iguana

Illustrated notes

Levels and vault maps discovered:
D:1:      onia_arrival_pyramid, layout_loops_ring, serial_shops, shop,
          chequers_serial_rivers_micro_a, minivault_23
D:2:      minmay_door_path, layout_rooms, uniq_natasha
D:3:      layout_basic, nicolae_dithmenos_the_darkroom,
          mainiacjoe_overflow_catwalk_spiral, basic_ecumenical_altar,
          pf_guarded_unrand_woodcutter, uniq_jessica
D:4:      layout_basic, lemuel_crystal_altar, elyvilon_altar_4,
          minmay_lizard_king

Skill      XL: |  1  2  3  4  5 |
---------------+----------------+-----
Fighting       | 3 4 |  4.0
Polearms       | 5 |  5.6
Dodging        | 5 |  5.6
Throwing       | |  2.0

Action                     |  1- 3 |  4- 6 || total
---------------------------+-------+-------++-------
  Melee: Trident           |    88 |   112 ||   200
         Punch             |     1 |     3 ||     4
         Unarmed           |       |     7 ||     7
 Armour: Leather armour    |     6 |       ||     6
         Ring mail         |    39 |    65 ||   104
         Skin              |       |    17 ||    17
  Dodge: Dodged            |    57 |    80 ||   137
